[Event "Titled Tuesday Blitz March 08 Early 2022"]
[White "Bortnyk, Olexandr"]
[Black "Madaminov, Mukhiddin"]
[WhiteFideId "14120828"]
[BlackFideId "14210703"]
[WhiteElo "2723"]
[BlackElo "1916"]
[Result "1-0"]
[Round "09"]
[TimeControl "180+1"]
[Date "2022.03.08"]
[WhiteClock "0:00:18"]
[BlackClock "0:00:01"]

1. e4 e5 2. Nf3 Nc6 3. Bb5 a6 4. Ba4 Nf6 5. Nc3 Bb4 6. Nd5 Be7 7. O-O O-O 8. Re1 d6 9. Bxc6 bxc6 10. Nxe7+ Qxe7 11. h3 c5 12. c3 c4 13. b3 Be6 14. Ba3 Rfb8 15. Nxe5 cxb3 16. Nc6 Qe8 17. Nxb8 bxa2 18. d4 Bc4 19. e5 Nd5 20. exd6 Qxb8 21. d7 Qb5 22. Qg4 Nf6 23. Qf3 Bd5 24. c4 Qxc4 25. Qxf6 gxf6 26. Re8+ Kg7 27. Rxa8 Qxd4 28. Rg8+ Kxg8 29. d8=Q+ Kg7 30. Qf8+ Kg6 31. Qg8+ Kf5 32. Qg4+ Qxg4 33. hxg4+ Ke4 34. Bb2 f5 35. f3+ Kd3 36. gxf5 Kc2 37. Be5 c5 38. Re1 c4 39. Ba1 c3 40. Re3 Kb1 41. Bxc3 1-0


[Site "https://www.chess.com"]

[Event "Titled Tuesday Blitz March 08 Early 2022"]
[White "Bryakin, Mikhail"]
[Black "Sanchez Alvares, Kelvin Antonio"]
[WhiteFideId "4165314"]
[BlackFideId "3906680"]
[WhiteElo "2417"]
[BlackElo "2193"]
[Result "1/2-1/2"]
[Round "09"]
[TimeControl "180+1"]
[Date "2022.03.08"]
[WhiteClock "0:00:52"]
[BlackClock "0:00:18"]

1. e4 e5 2. d4 exd4 3. Qxd4 Nc6 4. Qd3 Nf6 5. Nc3 Bb4 6. Bd2 O-O 7. O-O-O Re8 8. f3 d6 9. a3 Ba5 10. Bg5 h6 11. Bh4 Ne5 12. Qe3 Bb6 13. Qe1 Ng6 14. Bxf6 Qxf6 15. Nd5 Qg5+ 16. Qd2 Qxd2+ 17. Rxd2 Be6 18. Nxb6 axb6 19. Bb5 Red8 20. Ne2 Ne7 21. Rhd1 Ra5 22. Nd4 Bd7 23. Bxd7 Rxd7 24. Ne2 Rh5 25. Nf4 Rxh2 26. c4 Nc6 27. Kc2 f6 28. Kc3 Kf7 29. b4 Ne5 30. Nd5 g5 31. Ne3 Re7 32. Nf5 Re8 33. a4 Ra8 34. Ra1 h5 35. a5 bxa5 36. bxa5 Nd7 37. Ne3 Nc5 38. Nd5 Rc8 39. Re1 h4 40. Ne3 h3 41. gxh3 Rxh3 42. Rf2 Ra8 43. Ra1 Nxe4+ 44. fxe4 Rxe3+ 45. Kd4 Rh3 46. c5 Ke7 47. Rb2 Ra7 48. c6 bxc6 49. a6 Rh8 50. Kc4 Rha8 51. Rba2 Ke6 52. Kd4 g4 53. Ke3 d5 54. exd5+ cxd5 55. Kf4 c5 56. Kxg4 c4 57. Kf4 Kd6 58. Ra5 c3 59. Ke3 Ke5 60. Kd3 Rc7 61. Re1+ Kd6 62. Rc1 Rc6 63. a7 Rc7 64. Ra6+ Rc6 65. Ra5 c2 66. Rxc2 Rxc2 67. Kxc2 Ke5 68. Kd3 f5 69. Ke3 f4+ 70. Kf3 Kd4 71. Kxf4 Kc4 72. Ke5 d4 73. Ra4+ Kb5 74. Rxd4 Rxa7 1/2-1/2


[Site "https://www.chess.com"]

[Event "Titled Tuesday Blitz March 08 Early 2022"]
[White "Bures, Vit"]
[Black "Pinheiro, Iung Alicio de O."]
[WhiteFideId "309052"]
[BlackFideId "2104350"]
[WhiteElo "2118"]
[BlackElo "2553"]
[Result "0-1"]
[Round "09"]
[TimeControl "180+1"]
[Date "2022.03.09"]
[WhiteClock "0:00:02"]
[BlackClock "0:00:11"]

1. d4 Nf6 2. c4 g6 3. Nc3 d5 4. cxd5 Nxd5 5. e4 Nxc3 6. bxc3 Bg7 7. Nf3 c5 8. Be3 Qa5 9. Qd2 O-O 10. Rc1 Rd8 11. d5 e6 12. Bg5 f6 13. Be3 Qa4 14. c4 exd5 15. exd5 b6 16. Be2 Na6 17. O-O Nb4 18. a3 Qxa3 19. Ra1 Qb3 20. Rfb1 Qc2 21. Qe1 Qe4 22. Nd2 Qe7 23. Rxb4 cxb4 24. Bxb6 Re8 25. Be3 f5 26. c5 Bxa1 27. Qxa1 Qe5 28. Qa2 f4 29. Nf3 Qc3 30. Bd4 b3 31. Qa4 Qc1+ 32. Bf1 Bf5 33. Qxb3 Rab8 34. Qc3 Rb1 35. Nd2 Qxc3 36. Bxc3 Rc1 37. Bb4 a5 38. Bxa5 Rxc5 39. Bb4 Rc1 40. d6 Bd3 41. f3 Rb8 42. d7 Rd8 43. Kf2 Bxf1 44. Nxf1 Rxd7 45. Nd2 Rc2 0-1


[Site "https://www.chess.com"]

[Event "Titled Tuesday Blitz March 08 Early 2022"]
[White "Butti, Enrique"]
[Black "Lauridsen, Jesper Morch"]
[WhiteFideId "3700470"]
[BlackFideId "1401890"]
[WhiteElo "2080"]
[BlackElo "2256"]
[Result "0-1"]
[Round "09"]
[TimeControl "180+1"]
[Date "2022.03.09"]
[WhiteClock "0:01:58"]
[BlackClock "0:01:36"]

1. Nf3 Nf6 2. c4 e6 3. d4 d5 4. e3 c6 5. Bd3 Nbd7 6. O-O Bd6 7. Nc3 O-O 8. b3 b6 9. Bb2 Bb7 10. e4 dxe4 11. Nxe4 Nxe4 12. Bxe4 Nf6 13. Bc2 c5 14. dxc5 Bxc5 15. Qe2 Qc7 16. Rad1 Ng4 17. g3 Qc6 18. Rd3 Rad8 19. Rfd1 Nxf2 0-1


[Site "https://www.chess.com"]

[Event "Titled Tuesday Blitz March 08 Early 2022"]
[White "Chernomordik, Pavel"]
[Black "Atakhan, Abtin"]
[WhiteFideId "2804530"]
[BlackFideId "22502203"]
[WhiteElo "2249"]
[BlackElo "2119"]
[Result "0-1"]
[Round "09"]
[TimeControl "180+1"]
[Date "2022.03.09"]
[WhiteClock "0:00:02"]
[BlackClock "0:00:25"]

1. e4 c6 2. Nc3 d5 3. Qf3 e6 4. d3 Ne7 5. Qg3 Ng6 6. h4 Bd6 7. f4 h5 8. Nf3 Nd7 9. d4 dxe4 10. Nxe4 Nf6 11. Neg5 Qa5+ 12. c3 Qf5 13. Ne5 Bxe5 14. fxe5 Ne4 15. Qe3 Nxg5 16. hxg5 Qg4 17. Kf2 Nh4 18. g3 Nf5 19. Qf3 Qxf3+ 20. Kxf3 c5 21. dxc5 b6 22. Bd3 Bb7+ 23. Be4 Bxe4+ 24. Kxe4 Nxg3+ 25. Kf3 Nxh1 26. Kg2 bxc5 27. Kxh1 Rd8 28. Be3 Rd5 29. Kg2 Rxe5 30. Kf3 Ke7 31. b4 cxb4 32. cxb4 Rb8 33. Bc5+ Ke8 34. a3 Rxg5 35. Bxa7 Ra8 36. Be3 Rb5 37. Bc5 Ra4 38. Ke3 Kd7 39. Kd3 Kc6 40. Kc3 Rxc5+ 41. bxc5 Kxc5 42. Kb3 Rg4 43. a4 Rg3+ 44. Kc2 Kb6 45. Rf1 f6 46. Rh1 Rg5 47. Rh4 Ka5 48. Kb3 Rg3+ 49. Kc2 g6 50. Rd4 Rg4 0-1


[Site "https://www.chess.com"]

[Event "Titled Tuesday Blitz March 08 Early 2022"]
[White "Chigaev, Maksim"]
[Black "Talibov, Shiroghlan"]
[WhiteFideId "4108116"]
[BlackFideId "13429078"]
[WhiteElo "2502"]
[BlackElo "2070"]
[Result "1-0"]
[Round "09"]
[TimeControl "180+1"]
[Date "2022.03.08"]
[WhiteClock "0:00:08"]
[BlackClock "0:00:01"]

1. d4 d5 2. c4 e6 3. Nf3 c6 4. Qc2 f5 5. Bf4 Nf6 6. e3 Bd6 7. c5 Bxf4 8. exf4 O-O 9. Bd3 Ne4 10. O-O Nd7 11. Nc3 b6 12. b4 Qf6 13. Rac1 a5 14. b5 cxb5 15. c6 Nb8 16. Nxb5 Na6 17. a3 Qe7 18. Ne5 Nc7 19. Qb2 Ba6 20. Nxc7 Qxc7 21. Bxa6 Rxa6 22. f3 Nd6 23. a4 b5 24. Nd7 Nc4 25. Qxb5 Rfa8 26. Ne5 Rb6 27. Qc5 Nxe5 28. fxe5 Rc8 29. Qxa5 Rxc6 30. Qxc7 R8xc7 31. Rxc6 Rxc6 32. Ra1 Kf7 33. a5 Ra6 34. Kf2 Ke7 35. Ke3 Kd7 36. Kf4 Kc6 37. g4 fxg4 38. Kxg4 Kb5 39. f4 g6 40. Rc1 h6 41. h4 Ra7 42. Rc5+ Kb4 43. h5 gxh5+ 44. Kxh5 Rf7 45. a6 Rxf4 46. a7 Rf8 47. Kxh6 Ra8 48. Rc7 Kb5 49. Kg6 Kb6 50. Re7 Kb5 51. Kf6 Kc4 52. Kxe6 Kxd4 53. Kf7 Kc5 54. Rd7 d4 55. e6 Rc8 56. e7 1-0


[Site "https://www.chess.com"]

[Event "Titled Tuesday Blitz March 08 Early 2022"]
[White "Costachi, Mihnea"]
[Black "Krysa, Leandro"]
[WhiteFideId "1217518"]
[BlackFideId "116807"]
[WhiteElo "2464"]
[BlackElo "2490"]
[Result "1-0"]
[Round "09"]
[TimeControl "180+1"]
[Date "2022.03.08"]
[WhiteClock "0:00:14"]
[BlackClock "0:00:02"]

1. d4 d5 2. Bf4 Nf6 3. e3 Bg4 4. Nf3 c5 5. h3 Bh5 6. c3 Nc6 7. Nbd2 cxd4 8. exd4 e6 9. Be2 Bd6 10. Be3 O-O 11. O-O Rb8 12. Re1 b5 13. a3 a5 14. Nf1 b4 15. axb4 axb4 16. Ra6 Rb6 17. Qa4 bxc3 18. bxc3 Qc7 19. N1d2 h6 20. Rxb6 Qxb6 21. Rb1 Qc7 22. Qa6 Rb8 23. Rb5 Rxb5 24. Bxb5 Nb8 25. Qa1 Bg6 26. c4 dxc4 27. Nxc4 Nd5 28. Nxd6 Qxd6 29. Bd2 Kh7 30. Ne5 Nc7 31. Ba4 Nd5 32. Nxg6 fxg6 33. Bc2 Nc6 34. Qa6 Qc7 35. Qd3 Nce7 36. Qe4 Kh8 37. h4 Qd6 38. h5 Nf6 39. Qa8+ Kh7 40. hxg6+ Nxg6 41. Qa7 Ng4 42. g3 Qf8 43. Bf4 Nf6 44. Qa6 Qf7 45. Qd3 Nd5 46. Be5 Ne7 47. f4 Kg8 48. Bb3 Nf8 49. Qe4 Nf5 50. g4 Ne7 51. f5 Kh8 52. fxe6 Qe8 53. Qf4 Nfg6 54. Qxh6+ 1-0


[Site "https://www.chess.com"]

[Event "Titled Tuesday Blitz March 08 Early 2022"]
[White "Csonka, Balazs"]
[Black "Demin, Vladimir"]
[WhiteFideId "742910"]
[BlackFideId "4167457"]
[WhiteElo "2404"]
[BlackElo "2513"]
[Result "1-0"]
[Round "09"]
[TimeControl "180+1"]
[Date "2022.03.09"]
[WhiteClock "0:00:03"]
[BlackClock "0:00:02"]

1. d4 Nf6 2. Nf3 d5 3. Bf4 c5 4. e3 Nc6 5. Nbd2 e6 6. c3 Bd6 7. Bg3 O-O 8. Bd3 c4 9. Bc2 b5 10. e4 dxe4 11. Nxe4 Nxe4 12. Bxe4 Bb7 13. Qe2 h6 14. Rd1 Qc7 15. O-O Bxg3 16. hxg3 Ne7 17. g4 g6 18. Ne5 Rad8 19. f4 Bxe4 20. Qxe4 Qd6 21. Qe3 Kg7 22. g5 h5 23. g4 hxg4 24. Nxg4 Nf5 25. Qe5+ Qxe5 26. dxe5 a5 27. Kg2 Rh8 28. Rh1 b4 29. Rxd8 Rxd8 30. Nf6 Rd2+ 31. Kf3 Rd3+ 32. Kf2 Rd8 33. Rh7+ Kf8 34. Rh8+ Ke7 35. Rxd8 Kxd8 36. Kf3 Kc7 37. Ke4 Kc6 38. Ng8 Kd7 39. Nh6 Ke7 40. Nxf5+ gxf5+ 41. Kd4 a4 42. cxb4 a3 43. bxa3 1-0


[Site "https://www.chess.com"]

[Event "Titled Tuesday Blitz March 08 Early 2022"]
[White "Derige Kane, Yan"]
[Black "Sahil, Tickoo"]
[WhiteFideId "20665431"]
[BlackFideId "5019710"]
[WhiteElo "2169"]
[BlackElo "2099"]
[Result "1-0"]
[Round "09"]
[TimeControl "180+1"]
[Date "2022.03.09"]
[WhiteClock "0:01:34"]
[BlackClock "0:00:11"]

1. Nf3 b6 2. g3 Bb7 3. Bg2 g6 4. O-O Bg7 5. d4 Nf6 6. b3 c5 7. Bb2 cxd4 8. Bxd4 O-O 9. Nbd2 Nc6 10. Bb2 Rc8 11. c4 d6 12. a3 Re8 13. Ng5 Na5 14. Bxb7 Nxb7 15. Ndf3 Nc5 16. b4 Nce4 17. Nxe4 Nxe4 18. Bxg7 Kxg7 19. Qd4+ Nf6 20. Rfd1 Qc7 21. Rac1 Qc6 22. Qh4 Qe4 23. Qxe4 Nxe4 24. Nd4 a6 25. f3 Nf6 26. a4 Rc7 27. b5 a5 28. Nc6 Nd7 29. e4 Nc5 30. Ra1 Rd7 31. Kf2 f5 32. exf5 gxf5 33. Nd4 Kf6 34. Nc6 e6 35. Ra2 h5 36. Rad2 Nxa4 37. Rxd6 Rxd6 38. Rxd6 Nc5 39. Ke3 a4 40. Nb4 Rb8 41. Nd5+ Ke5 42. Rc6 f4+ 43. gxf4+ Kf5 44. Nxb6 a3 45. Rxc5+ Kg6 46. Nd7 Ra8 47. Rg5+ Kh6 48. Rg1 a2 49. Ra1 1-0


[Site "https://www.chess.com"]

[Event "Titled Tuesday Blitz March 08 Early 2022"]
[White "Derraugh, Geordie"]
[Black "Brunner, Nicolas"]
[WhiteFideId "2603950"]
[BlackFideId "620246"]
[WhiteElo "2116"]
[BlackElo "2372"]
[Result "0-1"]
[Round "09"]
[TimeControl "180+1"]
[Date "2022.03.09"]
[WhiteClock "0:00:01"]
[BlackClock "0:00:34"]

1. e4 e5 2. Nf3 Nc6 3. d4 exd4 4. Bc4 Nf6 5. e5 d5 6. Bb5 Ne4 7. Nxd4 Bc5 8. Bxc6+ bxc6 9. O-O Ba6 10. Re1 Nxf2 11. Kxf2 Qh4+ 12. Kg1 Bxd4+ 13. Be3 Bxb2 14. Nd2 Bxa1 15. Qxa1 O-O 16. Nf3 Qc4 17. Nd4 Rfe8 18. e6 f6 19. Bf2 c5 20. Nb3 d4 21. Qd1 Bb7 22. Qg4 Qxc2 23. e7 Bd5 24. Qd7 Bxb3 25. axb3 Qxb3 26. Qxc7 Qd5 27. Rc1 Rac8 28. Qxa7 d3 29. Rd1 c4 30. Qe3 Rc7 31. h4 Rcxe7 32. Qg3 h5 33. Rc1 d2 34. Rd1 Re2 35. Kf1 Qd3 36. Qxd3 cxd3 37. g3 Rc8 38. Kg2 Rc1 39. Rxd2 Rxd2 0-1


[Site "https://www.chess.com"]

[Event "Titled Tuesday Blitz March 08 Early 2022"]
[White "Devaev, Alexander"]
[Black "Hernandez Jimenez, Alexander Andres"]
[WhiteFideId "4169395"]
[BlackFideId "3900452"]
[WhiteElo "2185"]
[BlackElo "2082"]
[Result "0-1"]
[Round "09"]
[TimeControl "180+1"]
[Date "2022.03.09"]
[WhiteClock "0:00:24"]
[BlackClock "0:00:19"]

1. d4 Nf6 2. c4 e6 3. Nf3 Bb4+ 4. Bd2 Qe7 5. g3 b6 6. Bg2 Bb7 7. O-O Bxd2 8. Nbxd2 d6 9. Qc2 Nbd7 10. e4 e5 11. d5 a5 12. b3 O-O 13. a3 c5 14. Rab1 Bc8 15. Ne1 Ne8 16. Nd3 g6 17. Rbe1 Ng7 18. f4 f5 19. exf5 Nxf5 20. fxe5 Nxe5 21. Nxe5 dxe5 22. d6 Qa7 23. Bd5+ Kh8 24. Bxa8 Qxa8 25. Rxe5 Qc6 26. Qd3 Bb7 27. Rd5 Rd8 28. Rfxf5 gxf5 29. Qxf5 Qd7 30. Qxd7 Rxd7 31. Rd3 Kg7 32. Nb1 Be4 33. Nc3 Bxd3 0-1


[Site "https://www.chess.com"]

[Event "Titled Tuesday Blitz March 08 Early 2022"]
[White "Dilmukhametov, Artur"]
[Black "Flis, Pawel"]
[WhiteFideId "24179922"]
[BlackFideId "1112864"]
[WhiteElo "2237"]
[BlackElo "1735"]
[Result "0-1"]
[Round "09"]
[TimeControl "180+1"]
[Date "2022.03.09"]
[WhiteClock "0:00:27"]
[BlackClock "0:00:27"]

1. d4 Nf6 2. c4 c5 3. d5 b5 4. b3 e6 5. Bb2 bxc4 6. bxc4 Qb6 7. Bc3 Bb7 8. Nf3 exd5 9. cxd5 Nxd5 10. e3 Nxc3 11. Nxc3 Qf6 12. Qd2 Be7 13. Rb1 Bc6 14. Be2 O-O 15. O-O d6 16. h4 Nd7 17. Bd3 Bxf3 18. gxf3 Qxf3 19. Be4 Qg4+ 20. Bg2 Ne5 21. f3 Qxh4 22. f4 Ng4 23. Bxa8 Rxa8 24. Nd5 Bf8 25. a4 h5 26. Qg2 Re8 27. Rb3 g6 28. a5 Bg7 29. a6 c4 30. Rc3 Bxc3 31. Nxc3 Nxe3 32. Qh2 Qxh2+ 33. Kxh2 Nxf1+ 34. Kg2 Nd2 35. Kf2 Ne4+ 36. Nxe4 Rxe4 37. Kf3 d5 38. f5 c3 39. f6 c2 40. Kf2 c1=Q 41. Kf3 Qc3+ 42. Kf2 Qe3+ 43. Kg2 Rg4+ 44. Kh1 Rg1+ 45. Kh2 Qf2+ 46. Kh3 Qg3# 0-1


[Site "https://www.chess.com"]

[Event "Titled Tuesday Blitz March 08 Early 2022"]
[White "Domingo Nunez, Alejandro"]
[Black "Abarca Gonzalez, Nicolas"]
[WhiteFideId "22245561"]
[BlackFideId "3409422"]
[WhiteElo "2215"]
[BlackElo "2504"]
[Result "0-1"]
[Round "09"]
[TimeControl "180+1"]
[Date "2022.03.08"]
[WhiteClock "0:00:13"]
[BlackClock "0:00:52"]

1. Nf3 Nf6 2. g3 g6 3. b3 Bg7 4. Bb2 O-O 5. Bg2 c5 6. c4 Nc6 7. O-O d6 8. d4 cxd4 9. Nxd4 Bd7 10. Nc3 Qa5 11. Nc2 Rfc8 12. Ne3 Rab8 13. a3 a6 14. Qd2 b5 15. b4 Qd8 16. Ncd5 Nxd5 17. cxd5 Ne5 18. Rac1 Rxc1 19. Rxc1 Rc8 20. h3 Rxc1+ 21. Qxc1 Qc8 22. Qxc8+ Bxc8 23. Kf1 Bb7 24. f4 Ng4 25. Bxg7 Nxe3+ 26. Kf2 Nc4 27. e4 Kxg7 0-1


[Site "https://www.chess.com"]

[Event "Titled Tuesday Blitz March 08 Early 2022"]
[White "Dubov, Daniil"]
[Black "Moroni, Luca Jr"]
[WhiteFideId "24126055"]
[BlackFideId "865834"]
[WhiteElo "2791"]
[BlackElo "2573"]
[Result "1-0"]
[Round "09"]
[TimeControl "180+1"]
[Date "2022.03.08"]
[WhiteClock "0:00:06"]
[BlackClock "0:00:02"]

1. d4 d6 2. Nf3 g6 3. e4 Bg7 4. Bc4 Nf6 5. Qe2 O-O 6. O-O c6 7. h3 Nxe4 8. Qxe4 d5 9. Qe2 dxc4 10. Qxc4 Be6 11. Qe2 Bd5 12. Rd1 Nd7 13. Nc3 e6 14. Ne4 Bxe4 15. Qxe4 Nf6 16. Qe2 b5 17. Bf4 Qd5 18. Be5 Rfd8 19. Rd3 Nd7 20. Bxg7 Kxg7 21. a4 a6 22. a5 Nf6 23. Rad1 Qe4 24. Re3 Qd5 25. Red3 Qe4 26. Qd2 Rac8 27. b4 Nd5 28. g3 Ne7 29. c3 Nf5 30. Re1 Qd5 31. Ne5 Qd6 32. g4 Ne7 33. Rf3 f6 34. Nd3 Nd5 35. Nc5 e5 36. g5 Nf4 37. Rxf4 exf4 38. Re6 Qd5 39. gxf6+ Kh8 40. Qxf4 Rf8 41. Re7 Qh5 42. f7 Qf5 43. Qxf5 gxf5 44. Ne6 h6 45. Kg2 Kh7 46. Kf3 Kg6 47. Nxf8+ Rxf8 48. Kf4 Kf6 49. Rc7 1-0


[Site "https://www.chess.com"]

[Event "Titled Tuesday Blitz March 08 Early 2022"]
[White "Durarbayli, Vasif"]
[Black "Jary, Sergey"]
[WhiteFideId "13402935"]
[BlackFideId "14110350"]
[WhiteElo "2528"]
[BlackElo "2260"]
[Result "0-1"]
[Round "09"]
[TimeControl "180+1"]
[Date "2022.03.08"]
[WhiteClock "0:00:02"]
[BlackClock "0:00:08"]

1. d4 Nf6 2. c4 g6 3. Nf3 Bg7 4. g3 d6 5. Bg2 O-O 6. O-O Nc6 7. Nc3 a6 8. d5 Na5 9. Nd2 c5 10. Qc2 Rb8 11. b3 e5 12. dxe6 fxe6 13. Bb2 b5 14. Nce4 Bb7 15. Nxf6+ Bxf6 16. Bxf6 Qxf6 17. Rad1 Bxg2 18. Kxg2 Qf5 19. Qc3 Nc6 20. Nf3 Rbd8 21. Qe3 e5 22. Rd5 Nd4 23. Nxd4 cxd4 24. Qd3 bxc4 25. bxc4 Qf7 26. Qe4 Qf5 27. Qxf5 gxf5 28. Rb1 Rc8 29. Rb6 Rxc4 30. Rbxd6 Re8 31. Rxa6 Rc2 32. Ra7 Rxe2 33. Rdd7 h5 34. Kf3 Rd2 35. Rg7+ Kh8 36. Rh7+ Kg8 37. Rxh5 e4+ 38. Kf4 Rxf2+ 39. Kg5 f4 40. g4 Rc2 41. Kxf4 e3 42. Rah7 Rf8+ 43. Kg3 e2 44. Re7 Rf1 45. Rhe5 d3 46. g5 d2 47. Re8+ Kf7 48. R5e7+ Kg6 49. Rg8+ Kf5 50. Rf8+ Kg6 51. Rg8+ Kf5 52. Rf8+ Kxg5 53. Rg7+ Kh6 0-1


[Site "https://www.chess.com"]

[Event "Titled Tuesday Blitz March 08 Early 2022"]
[White "Dwilewicz, Katarzyna"]
[Black "Korkmaz, Necmettin"]
[WhiteFideId "1148486"]
[BlackFideId "6303285"]
[WhiteElo "1907"]
[BlackElo "2094"]
[Result "0-1"]
[Round "09"]
[TimeControl "180+1"]
[Date "2022.03.09"]
[WhiteClock "0:00:04"]
[BlackClock "0:00:33"]

1. e4 e5 2. Nf3 Nc6 3. Bb5 a6 4. Ba4 Nf6 5. d3 Bc5 6. c3 d6 7. O-O Bg4 8. d4 Ba7 9. d5 b5 10. Bc2 Ne7 11. Nbd2 Ng6 12. Re1 Nh4 13. h3 Nxf3+ 14. Nxf3 Bh5 15. Be3 O-O 16. Bxa7 Rxa7 17. Qd3 Nd7 18. b4 Bg6 19. a4 Rb7 20. axb5 axb5 21. Ra5 f5 22. Qe2 fxe4 23. Bxe4 Bxe4 24. Qxe4 Nf6 25. Qe2 Qd7 26. Rd1 h6 27. Ne1 Rfb8 28. Nc2 Qf7 29. Ne3 Ne4 30. Qc2 Qf4 31. Re1 Rf8 32. Ng4 Nf6 33. g3 Qg5 34. Nxf6+ Qxf6 35. Kg2 Qf3+ 36. Kg1 Rf7 37. Qd2 Rb8 38. Ra2 Rbf8 39. Re3 Qh5 40. Kg2 Rf3 41. Qe2 e4 42. Rd2 Qf5 43. Kg1 Qxh3 44. Rxf3 exf3 45. Qe6+ Qxe6 46. dxe6 g5 47. Rd5 Re8 48. Rxb5 Rxe6 49. Rf5 g4 50. Rf4 h5 51. Rf5 Re1+ 52. Kh2 Rf1 53. Rxh5 Rxf2+ 54. Kh1 Rf1+ 55. Kh2 Rc1 56. Rf5 Kh7 57. Rf4 Rc2+ 58. Kh1 Rxc3 59. Rxg4 Rc1+ 60. Kh2 f2 61. Rh4+ Kg6 62. Rg4+ Kh5 63. Rh4+ Kg5 64. Rf4 f1=Q 0-1


[Site "https://www.chess.com"]

[Event "Titled Tuesday Blitz March 08 Early 2022"]
[White "Erigaisi Arjun"]
[Black "Tabatabaei, M. Amin"]
[WhiteFideId "35009192"]
[BlackFideId "12521213"]
[WhiteElo "2745"]
[BlackElo "2544"]
[Result "1-0"]
[Round "09"]
[TimeControl "180+1"]
[Date "2022.03.08"]
[WhiteClock "0:01:23"]
[BlackClock "0:01:19"]

1. d4 Nf6 2. Bg5 c5 3. d5 Ne4 4. Bf4 e6 5. f3 Bd6 6. Bxd6 Nxd6 7. Nc3 b5 8. e4 b4 9. Nb5 Nxb5 10. Bxb5 Qb6 11. Bc4 Ba6 12. Qd3 exd5 13. Qxd5 Bxc4 14. Qxc4 Nc6 15. Ne2 O-O 16. O-O d5 17. exd5 Ne5 18. Qh4 Rad8 19. Rad1 c4+ 20. Qf2 Qg6 21. Ng3 Rd7 22. Rfe1 f6 23. f4 Ng4 24. Qe2 h5 25. Qxc4 h4 26. Ne4 Kh7 27. Nc5 Rd6 28. Ne6 Rf7 29. Qe4 Qxe4 30. Rxe4 Rfd7 31. Nf8+ 1-0


[Site "https://www.chess.com"]

[Event "Titled Tuesday Blitz March 08 Early 2022"]
[White "Fajdetic, Hrvoje"]
[Black "Mikhnenko, Alexander"]
[WhiteFideId "14501945"]
[BlackFideId "34143014"]
[WhiteElo "2172"]
[BlackElo "2184"]
[Result "0-1"]
[Round "09"]
[TimeControl "180+1"]
[Date "2022.03.09"]
[WhiteClock "0:00:02"]
[BlackClock "0:01:22"]

1. d4 Nf6 2. Bf4 d5 3. e3 c5 4. Nc3 a6 5. Nce2 Nc6 6. c3 Qb6 7. Qb3 Qa7 8. Ng3 g6 9. h4 h5 10. Nf3 Bg7 11. Ne5 Nxe5 12. Bxe5 O-O 13. Be2 Be6 14. Qa3 c4 15. Qxe7 Rfe8 16. Qa3 Bf8 17. Qa4 Bd7 18. Qc2 Qb6 19. e4 Nxe4 20. Nxe4 Bf5 21. O-O Bxe4 22. Qd2 Kh7 23. f3 Bf5 24. g4 Bh6 25. Qe1 Bd7 26. Qb1 Rg8 27. gxh5 Bf5 28. Qd1 gxh5+ 29. Kh1 Be3 30. b3 Qg6 31. Rg1 Bxg1 32. Qxg1 Qe6 33. Qe3 Bd3 34. Qf4 Bxe2 0-1


[Site "https://www.chess.com"]

[Event "Titled Tuesday Blitz March 08 Early 2022"]
[White "Farmani Anosheh, Armin"]
[Black "Stefanov, Plamen"]
[WhiteFideId "24613240"]
[BlackFideId "2900980"]
[WhiteElo "2289"]
[BlackElo "2137"]
[Result "1-0"]
[Round "09"]
[TimeControl "180+1"]
[Date "2022.03.09"]
[WhiteClock "0:00:15"]
[BlackClock "0:00:06"]

1. d4 Nf6 2. c4 c5 3. d5 b5 4. cxb5 a6 5. bxa6 g6 6. Nc3 Bg7 7. e4 Bxa6 8. Bxa6 Nxa6 9. Nf3 d6 10. O-O O-O 11. Re1 Qa5 12. e5 dxe5 13. Nxe5 Qc7 14. Nc4 Rfd8 15. Qf3 Nb4 16. Bf4 Qb7 17. Rad1 Nbxd5 18. Ne3 e6 19. Be5 Ra7 20. Bxf6 Bxf6 21. Nexd5 exd5 22. Qxf6 Qa8 23. Nxd5 Rxd5 24. Rxd5 Ra6 25. Rd8+ Qxd8 26. Qxd8+ Kg7 27. Qd5 Rxa2 28. Qxa2 1-0


[Site "https://www.chess.com"]

[Event "Titled Tuesday Blitz March 08 Early 2022"]
[White "Fiorito, Fabian"]
[Black "Kohler, Aran"]
[WhiteFideId "100200"]
[BlackFideId "1002856"]
[WhiteElo "2395"]
[BlackElo "2282"]
[Result "0-1"]
[Round "09"]
[TimeControl "180+1"]
[Date "2022.03.09"]
[WhiteClock "0:00:02"]
[BlackClock "0:00:17"]

1. d4 Nf6 2. Nc3 d5 3. Bf4 Bf5 4. f3 e6 5. g4 Bg6 6. Qd2 a6 7. h4 h5 8. g5 Nfd7 9. e4 dxe4 10. fxe4 Bb4 11. Bg2 O-O 12. Nge2 c5 13. a3 Bxc3 14. Qxc3 cxd4 15. Qxd4 Nc6 16. Qd2 Nde5 17. Qc3 Ng4 18. Bf3 Rc8 19. Bxg4 hxg4 20. Rd1 Qb6 21. Be3 Qc7 22. h5 Bxe4 23. h6 e5 24. hxg7 Kxg7 25. Rg1 Bf3 26. Qc5 Nd4 27. Qxc7 Rxc7 28. Nxd4 Bxd1 29. Nf5+ Kg6 30. Nh4+ Kh5 31. Rh1 Bxc2 32. g6 Be4 33. g7 Rg8 34. Rh2 g3 35. Rh3 Kg4 36. Nf5 Bxf5 37. Rh8 Rxg7 0-1


[Site "https://www.chess.com"]

[Event "Titled Tuesday Blitz March 08 Early 2022"]
[White "Gaehwiler, Gabriel"]
[Black "Kouskoutis, Georgios-Alexandros"]
[WhiteFideId "1314530"]
[BlackFideId "4234049"]
[WhiteElo "2383"]
[BlackElo "2130"]
[Result "1-0"]
[Round "09"]
[TimeControl "180+1"]
[Date "2022.03.09"]
[WhiteClock "0:01:31"]
[BlackClock "0:00:02"]

1. Nf3 d5 2. c4 d4 3. e3 Nc6 4. b4 dxe3 5. fxe3 Nxb4 6. d4 e5 7. Nc3 exd4 8. exd4 Bf5 9. Kf2 Nf6 10. a3 Nc2 11. Ra2 Ng4+ 12. Kg1 c5 13. Rxc2 Bxc2 14. Qxc2 Be7 15. h3 Nf6 16. d5 O-O 17. a4 a6 18. g4 Ne8 19. Bd3 g6 20. Kg2 Nd6 21. Bf4 Bf6 22. Rb1 b5 23. axb5 axb5 24. cxb5 c4 25. Bf1 Re8 26. b6 Rb8 27. Na4 Qd7 28. Nc5 Qe7 29. Re1 Qf8 30. Nd7 Rxe1 31. Nxf8 Re7 32. Bxd6 1-0


[Site "https://www.chess.com"]

[Event "Titled Tuesday Blitz March 08 Early 2022"]
[White "Garv Gaur"]
[Black "Voit, Daria"]
[WhiteFideId "45030839"]
[BlackFideId "4182146"]
[WhiteElo "1950"]
[BlackElo "2323"]
[Result "1-0"]
[Round "09"]
[TimeControl "180+1"]
[Date "2022.03.09"]
[WhiteClock "0:00:17"]
[BlackClock "0:00:54"]

1. d4 d5 2. Nf3 Bg4 3. c4 Bxf3 4. exf3 e6 5. Nc3 c6 6. c5 Ne7 7. f4 g6 8. Be3 Bg7 9. Bd3 b6 10. b4 a5 11. a3 Nd7 12. O-O axb4 13. axb4 bxc5 14. Rxa8 Qxa8 15. bxc5 Nxc5 16. Nxd5 cxd5 17. dxc5 O-O 18. Bb5 d4 19. Bd2 Rc8 20. Qa1 Qxa1 21. Rxa1 Rxc5 22. Ra8+ Rc8 23. Rxc8+ Nxc8 24. Kf1 Nd6 25. Ba6 Kf8 26. Ke2 Ke7 27. Bb4 Kd7 28. Bxd6 Kxd6 29. Kd3 Kc5 30. Bc8 e5 31. fxe5 Bxe5 32. g3 g5 33. Bf5 h6 34. Ke4 Kc4 35. Kxe5 d3 36. Kf6 d2 37. Bg4 1-0


[Site "https://www.chess.com"]

[Event "Titled Tuesday Blitz March 08 Early 2022"]
[White "Gatterer, Florian"]
[Black "Guseva, Marina"]
[WhiteFideId "811688"]
[BlackFideId "4149351"]
[WhiteElo "2218"]
[BlackElo "2160"]
[Result "0-1"]
[Round "09"]
[TimeControl "180+1"]
[Date "2022.03.09"]
[WhiteClock "0:00:11"]
[BlackClock "0:00:06"]

1. b3 e5 2. Bb2 d6 3. e3 c5 4. c4 Nc6 5. g3 g6 6. Bg2 Bg7 7. Ne2 Nge7 8. O-O O-O 9. d4 exd4 10. exd4 Bg4 11. f3 Bd7 12. Qd2 cxd4 13. Kh1 Nf5 14. Na3 Re8 15. Nb5 d3 16. Nf4 Ne3 17. Bxg7 Nxf1 18. Rxf1 Kxg7 19. Nxd6 Re5 20. Nxd3 Re7 21. Qc3+ f6 22. Ne4 Qf8 23. Nf4 Ne5 24. Nd5 Re6 25. f4 Ng4 26. Bh3 Rxe4 27. Bxg4 Bxg4 28. Qd3 Rae8 29. h3 Bf5 30. Qd1 R4e6 31. g4 Be4+ 32. Kh2 Bxd5 33. cxd5 Re2+ 34. Kh1 Qd6 35. g5 fxg5 36. Qd4+ Kg8 37. Rc1 R2e4 38. Qd2 Qxf4 0-1


[Site "https://www.chess.com"]